 Dungeon Crawl Stone Soup version 0.31.0-11-ge490571c62 (webtiles) character file.

Game seed: 15266106030059081690

110 CraigForest the Slasher (level 4, 0/38 HPs)
             Began as a Minotaur Gladiator on Feb 5, 2024.
             Was a Believer of Uskayaw.
             Slain by a kobold brigand
             ... wielding a +0 dagger
              (3 damage)
             ... in a sewer.
             The game lasted 00:06:54 (1859 turns).

CraigForest the Slasher (Minotaur Gladiator)        Turns: 1859, Time: 00:06:54

Health: 0/38       AC:  5    Str: 18    XL:     4   Next: 61%
Magic:  3/3        EV: 12    Int:  5    God:    Uskayaw [**....]
Gold:   69         SH:  0    Dex: 14    Spells: 3/3 levels left

rFire   . . .        a - +0 long sword
rCold   . . .        (no shield)
rNeg    . . .        g - +0 ring mail
rPois   .            c - +0 hat
rElec   .            (no cloak)
rCorr   .            (no gloves)
SInv    .            (no boots)
Will    .....        (no amulet)
Stlth   +            (no ring)
HPRegen 0.26/turn    (no ring)
MPRegen 0.08/turn

%: no passive effects
@: no status effects
A: horns 2, retaliatory headbutt
a: Renounce Religion, Stomp, Line Pass


You were in a sewer.
You worshipped Uskayaw.
Uskayaw was noncommittal.
You visited 1 branch of the dungeon, and saw 3 of its levels.
You also visited: Sewer.

You collected 69 gold pieces.

Inventory:

Hand Weapons
 a - a +0 long sword (weapon)
Missiles
 d - 3 throwing nets
 e - a javelin
 i - 3 boomerangs
 j - 5 atropa-tipped darts
 l - 6 poisoned darts (quivered)
Armour
 b - a +0 leather armour
 c - a +0 hat (worn)
 g - a +0 ring mail (worn)
Wands
 q - a wand of flame (18)
Scrolls
 f - a scroll of teleportation {unknown}
 h - 2 scrolls of revelation {unknown}
 o - a scroll of identify {unknown}
 p - a scroll of poison {unknown}
Potions
 k - a potion of heal wounds {unknown}
 m - a potion of berserk rage {unknown}
 n - a potion of degeneration {unknown}


   Skills:
 + Level 3.1 Fighting
 + Level 5.0 Long Blades
 + Level 2.1 Throwing
 + Level 2.3 Armour
 + Level 3.8 Dodging


You had 3 spell levels left.
You didn't know any spells.
Your spell library contained the following spells:

 Spells                   Type           Power      Damage    Failure   Level
 Call Canine Familiar     Summ           0%         N/A       95%         3
 Ozocubu's Armour         Ice            0%         N/A       95%         3
 Sigil of Binding         Hex            0%         N/A       95%         3
 Tukima's Dance           Hex            0%         N/A       95%         3
 Dimensional Bullseye     Hex/Tloc       0%         N/A       100%        4
 Iskenderun's Mystic Bla  Conj/Tloc      0%         2d3       100%        4
 Death Channel            Necr           0%         N/A       100%        6
 Polar Vortex             Ice            0%         N/A       100%        9


Dungeon Overview and Level Annotations

Branches:
Dungeon (3/15)              Sewer (1/1)

Altars:
Uskayaw


Innate Abilities, Weirdness & Mutations

You have a pair of horns on your head.
You reflexively headbutt those who attack you in melee.


Message History

The kobold brigand closely misses you. You furiously retaliate!
You headbutt the kobold brigand!
You can now pass through a line of other dancers.
You hit the kobold brigand but do no damage.
The kobold brigand is heavily wounded.
The kobold closely misses you. The kobold brigand barely misses you.
The kobold hits you but does no damage.
You barely miss the kobold.
The kobold brigand splashes around in the water.
The kobold hits you with a +2 short sword of freezing.
The kobold freezes you.
The kobold brigand hits you with a +0 dagger.
* * * LOW HITPOINT WARNING * * *
You hit the kobold. You headbutt the kobold.
The kobold is severely wounded.
The kobold hits you with a +2 short sword of freezing.
* * * LOW HITPOINT WARNING * * *
The kobold freezes you.
* * * LOW HITPOINT WARNING * * *
The kobold brigand splashes around in the water.
You hit the kobold.
You kill the kobold!
The kobold brigand hits you with a +0 dagger.
* * * LOW HITPOINT WARNING * * *
You barely miss the kobold brigand.
The kobold brigand is heavily wounded.
The kobold brigand splashes around in the water.
You barely miss the kobold brigand.
The kobold brigand is heavily wounded.
The kobold brigand hits you with a +0 dagger.
* * * LOW HITPOINT WARNING * * *
You miss the kobold brigand.
Your headbutt misses the kobold brigand.
The kobold brigand is heavily wounded.
The kobold brigand hits you but does no damage.
You hit the kobold brigand but do no damage.
Your headbutt misses the kobold brigand.
The kobold brigand is heavily wounded.
The kobold brigand hits you with a +0 dagger.
You die...

#.~≈~.# ##~~≈~.##
################~.~≈~..#
~~~~~~~~~~~~~~~~~~~≈~..#
################~~~≈~..#
#..~≈~..# #~~~≈~~.#
#.~≈≈≈~.# #@~≈≈≈~.#
#)K≈≈≈~~# #..)~~..#
#....~..# ####.#### ..
... ...# ..#


You could see a kobold brigand.

Vanquished Creatures
  A gnoll (D:1)
  4 adders (D:2)
  2 river rats (Sewer)
  A ribbon worm (D:2)
  2 bats
  6 giant cockroaches
  4 goblins
  3 hobgoblins
  4 quokkas
  4 ball pythons
  A frilled lizard (D:2)
  6 kobolds
  8 rats
46 creatures vanquished.

Notes
Turn   | Place    | Note
-------+----------+-------------------------------------------
     0 | D:1      | CraigForest the Minotaur Gladiator began the quest for the
                  | Orb.
     0 | D:1      | Reached XP level 1. HP: 18/18 MP: 0/0
    42 | D:1      | Reached XP level 2. HP: 25/25 MP: 1/1
    66 | D:1      | Reached skill level 4 in Long Blades
   374 | D:1      | Found a faded altar of an unknown god.
   381 | D:1      | Prayed at the altar of an unknown god.
   381 | D:1      | Became a worshipper of Uskayaw the Reveller
   381 | D:1      | Reached * piety under Uskayaw
   565 | D:1      | Reached ** piety under Uskayaw
   662 | D:1      | Reached skill level 1 in Armour
   662 | D:1      | Reached XP level 3. HP: 30/30 MP: 2/2
  1017 | D:2      | Identified the +0 leather armour of Isemis {rElec rN+}
  1315 | D:2      | Reached XP level 4. HP: 38/38 MP: 3/3
  1580 | D:3      | Got the Guidebook on Hail and Despicable Mysteries
  1716 | D:3      | Found a glowing drain.
  1735 | Sewer    | Entered a sewer
  1750 | Sewer    | Reached skill level 5 in Long Blades
  1750 | Sewer    | Reached *** piety under Uskayaw
  1847 | Sewer    | Noticed a kobold brigand
  1859 | Sewer    | Slain by a kobold brigand

Illustrated notes

Levels and vault maps discovered:
D:1:      minmay_arrival_stone_box, layout_basic,
          hellmonk_ecumenical_altar_crossroads
D:2:      layout_basic, minmay_misc_feat_more_columns
D:3:      layout_basic, gammafunk_temple_overflow_elements,
          portal_sewer_entry_f, hangedman_decor_peaks_small,
          nicolae_eternal_life
Sewer:    sewer_kobolds

Skill      XL: |  1  2  3  4 |
---------------+-------------+-----
Long Blades    | 4 5 |  5.0
Armour         | 1 2 |  2.3
Fighting       | 3 |  3.1
Throwing       | |  2.1
Dodging        | |  3.8

Action                     |  1- 3 |  4- 6 || total
---------------------------+-------+-------++-------
  Melee: Long sword        |    58 |    39 ||    97
         Headbutt          |     8 |     5 ||    13
         Punch             |     1 |       ||     1
  Throw: Dart              |     3 |       ||     3
 Armour: Leather armour    |     6 |       ||     6
         Ring mail         |    29 |    34 ||    63
         Skin              |     1 |       ||     1
  Dodge: Dodged            |    37 |    17 ||    54
